 Dungeon Crawl Stone Soup version 0.26-a0-682-g294304f6e8 (webtiles) character file.

Game seed: 16301965895692453447

120 robertstho the Digger (level 5, -3/33 HPs)
             Began as a Gnoll Earth Elementalist on Oct 20, 2020.
             Killed by divine providence
             ... invoked by an orc priest
              (8 damage)
             ... on level 3 of the Dungeon.
             The game lasted 00:02:34 (2679 turns).

robertstho the Digger (Gnoll Earth Elementalist)    Turns: 2679, Time: 00:02:34

Health: -3/33      AC:  6    Str: 11    XL:     5   Next: 4%
Magic:  12/12      EV: 15    Int: 22    God:
Gold:   98         SH:  0    Dex: 15    Spells: 11/14 levels left

rFire    . . .     SeeInvis .   j - +2 short sword (venom)
rCold    . . .     Faith    .   (no shield)
rNeg     . . .     Spirit   .   c - +0 robe
rPois    .         Reflect  .   t - +0 helmet
rElec    .         Harm     .   (no cloak)
rCorr    .         Rampage  +   (no gloves)
MR       .....                  q - +2 pair of boots {rampage}
Stlth    +++.......             (no amulet)
HPRegen  0.11/turn              (no ring)
MPRegen  0.13/turn              (no ring)

@: no status effects
A: distributed training, fangs 1, clever 2, frail 1, MP-powered wands, strong
nose
a: no special abilities


You were on level 3 of the Dungeon.
You visited 1 branch of the dungeon, and saw 3 of its levels.

You collected 98 gold pieces.

Inventory:

Hand Weapons
 a - a +0 spear
 j - a +2 short sword of venom (weapon)
Missiles
 b - 102 stones (quivered)
 u - 3 datura-tipped darts
Armour
 c - a +0 robe (worn)
 q - a +2 pair of boots of rampaging (worn)
 t - a +0 helmet (worn)
Jewellery
 e - a +6 ring of strength {unknown}
Wands
 w - a wand of flame (10)
Scrolls
 d - a scroll of blinking {unknown}
 g - a scroll of fear {unknown}
 h - a scroll of identify {unknown}
 l - a scroll of enchant armour {unknown}
 n - 2 scrolls of immolation {unknown}
 o - a scroll of magic mapping {unknown}
 p - a scroll of teleportation {unknown}
 r - a scroll of enchant weapon {unknown}
 v - a scroll of remove curse {unknown}
Potions
 f - a potion of might {unknown}
 i - a potion of heal wounds {unknown}
 k - 2 potions of mutation
 m - 2 potions of haste {unknown}
 s - a potion of curing {unknown}


   Skills:
 + Level 1.3 Fighting
 + Level 1.3 Short Blades
 + Level 1.3 Long Blades
 + Level 1.3 Axes
 + Level 1.3 Maces & Flails
 + Level 1.3 Polearms
 + Level 1.3 Staves
 + Level 1.3 Slings
 + Level 1.3 Bows
 + Level 1.3 Crossbows
 + Level 1.3 Throwing
 + Level 1.3 Armour
 + Level 4.7 Dodging
 + Level 4.3 Stealth
 + Level 1.3 Shields
 + Level 1.3 Unarmed Combat
 + Level 5.1 Spellcasting
 + Level 1.0 Conjurations
 + Level 1.0 Hexes
 + Level 1.0 Summonings
 + Level 1.0 Necromancy
 + Level 1.0 Translocations
 + Level 2.3 Transmutations
 + Level 1.0 Fire Magic
 + Level 1.0 Ice Magic
 + Level 1.0 Air Magic
 + Level 5.5 Earth Magic
 + Level 1.0 Poison Magic
 + Level 1.4 Invocations
 + Level 1.3 Evocations


You had 11 spell levels left.
You knew the following spells:

 Your Spells              Type           Power        Failure   Level
a - Sandblast             Erth           ####..       1%          1
b - Passwall              Tmut/Erth      ###.....     3%          2

Your spell library contained the following spells:

 Spells                   Type           Power        Failure   Level
 Stone Arrow              Conj/Erth      ###...       8%          3
 Petrify                  Tmut/Erth      ###.....     21%         4
 Lee's Rapid Deconstruct  Erth           ####......   28%         5


Dungeon Overview and Level Annotations

Branches:
Dungeon (3/15)

Altars:


Innate Abilities, Weirdness & Mutations

Your experience applies equally to all skills.
You have very sharp teeth.
Your uncanny sense of smell can sniff out nearby items.
Your mind is very acute. (Int +4)
You are frail. (-10% HP)
You expend magic power (3 MP) to strengthen your wands.


Message History

The orc priest hits you with a +0 dagger.
You hit the orc priest but do no damage.
The orc priest is poisoned.
The orc priest is moderately wounded.
The orc priest looks encouraged for a moment.
You hit the orc priest.
The orc priest looks as sick as possible!
The orc priest is heavily wounded.
The orc priest mumbles some strange prayers to Beogh against you.
Beogh smites you!
* * * LOW HITPOINT WARNING * * *
You are too injured to fight recklessly!
You are too injured to fight recklessly!
You are too injured to fight recklessly!
It was a potion of mutation.
You feel extremely strange.
You feel your magical essence link to the dungeon's wands.
You feel frail.
You feel clever. x2
The orc priest calls down the wrath of Beogh upon you.
Beogh smites you!
You die...

...... .....
.... .. ...
.... .o
...######.
........o# #
#.....)@# ...#.
####.......#
#...#.####
.........).#
#.........
#.........#
#.#......
#.........#
#........
#.........#
#........
#..#...#)##
#........
#..#####.#
#######..#....#
#......†.#
#........####.#


You could see 2 orc priests.

Vanquished Creatures
  2 adders (D:2)
  3 gnolls (D:3)
  2 oozes (D:2)
  A worm (D:2)
  A dart slug (D:1)
  A leopard gecko (D:2)
  8 orcs (D:3)
  2 ball pythons
  6 giant cockroaches
  2 goblins (D:1)
  4 hobgoblins
  2 jackals (D:2)
  5 kobolds
  4 bats
  5 frilled lizards
  4 rats
52 creatures vanquished.

Notes
Turn   | Place    | Note
-------+----------+-------------------------------------------
     0 | D:1      | robertstho the Gnoll Earth Elementalist began the quest for
                  | the Orb.
     0 | D:1      | Reached XP level 1. HP: 13/13 MP: 6/6
   169 | D:1      | Reached XP level 2. HP: 11/19 MP: 7/7
  1347 | D:1      | Learned a level 2 spell: Passwall
  1452 | D:2      | Reached skill level 5 in Spellcasting
  1452 | D:2      | Reached XP level 3. HP: 25/25 MP: 7/9
  1571 | D:2      | Reached skill level 1 in Invocations
  1618 | D:2      | Reached skill level 1 in Fighting
  1618 | D:2      | Reached skill level 1 in Short Blades
  1618 | D:2      | Reached skill level 1 in Long Blades
  1618 | D:2      | Reached skill level 1 in Axes
  1618 | D:2      | Reached skill level 1 in Maces & Flails
  1618 | D:2      | Reached skill level 1 in Polearms
  1618 | D:2      | Reached skill level 1 in Staves
  1618 | D:2      | Reached skill level 1 in Slings
  1618 | D:2      | Reached skill level 1 in Bows
  1618 | D:2      | Reached skill level 1 in Crossbows
  1618 | D:2      | Reached skill level 1 in Throwing
  1618 | D:2      | Reached skill level 1 in Armour
  1618 | D:2      | Reached skill level 1 in Shields
  1618 | D:2      | Reached skill level 1 in Unarmed Combat
  1618 | D:2      | Reached skill level 1 in Evocations
  1890 | D:2      | Reached XP level 4. HP: 29/32 MP: 11/11
  2628 | D:3      | Reached skill level 1 in Conjurations
  2628 | D:3      | Reached skill level 1 in Hexes
  2628 | D:3      | Reached skill level 1 in Summonings
  2628 | D:3      | Reached skill level 1 in Necromancy
  2628 | D:3      | Reached skill level 1 in Translocations
  2628 | D:3      | Reached skill level 1 in Fire Magic
  2628 | D:3      | Reached skill level 1 in Ice Magic
  2628 | D:3      | Reached skill level 1 in Air Magic
  2628 | D:3      | Reached skill level 1 in Poison Magic
  2670 | D:3      | Reached XP level 5. HP: 26/37 MP: 12/12
  2679 | D:3      | Gained mutation: You expend magic power (3 MP) to
                  | strengthen your wands. [potion of mutation]
  2679 | D:3      | Gained mutation: You are frail. (-10% HP) [potion of
                  | mutation]
  2679 | D:3      | Gained mutation: Your mind is acute. (Int +2) [potion of
                  | mutation]
  2679 | D:3      | Gained mutation: Your mind is very acute. (Int +4) [potion
                  | of mutation]
  2679 | D:3      | Killed from afar by an orc priest

Illustrated notes

Levels and vault maps discovered:
D:1:      eino_arrival_water_star, layout_basic, minmay_pentomino_z4
D:2:      kb_forest_paths, layout_basic
D:3:      layout_basic, uniq_jessica

Skill      XL: |  1  2  3  4 |
---------------+-------------+-----
Transmutations | 2 |  2.3
Spellcasting   | 5 |  5.1
Invocations    | 1 |  1.4
Fighting       | 1 |  1.3
Short Blades   | 1 |  1.3
Long Blades    | 1 |  1.3
Axes           | 1 |  1.3
Maces & Flails | 1 |  1.3
Polearms       | 1 |  1.3
Staves         | 1 |  1.3
Slings         | 1 |  1.3
Bows           | 1 |  1.3
Crossbows      | 1 |  1.3
Throwing       | 1 |  1.3
Armour         | 1 |  1.3
Shields        | 1 |  1.3
Unarmed Combat | 1 |  1.3
Evocations     | 1 |  1.3
Conjurations   | 1 |  1.0
Hexes          | 1 |  1.0
Summonings     | 1 |  1.0
Necromancy     | 1 |  1.0
Translocations | 1 |  1.0
Fire Magic     | 1 |  1.0
Ice Magic      | 1 |  1.0
Air Magic      | 1 |  1.0
Poison Magic   | 1 |  1.0
Dodging        | |  4.7
Stealth        | |  4.3
Earth Magic    | |  5.5

Action                   |  1- 3 |  4- 6 || total
-------------------------+-------+-------++-------
Melee: Spear             |    38 |       ||    38
       Bite              |     9 |     1 ||    10
       Short sword       |    41 |    38 ||    79
 Cast: Sandblast         |     6 |     4 ||    10
  Use: Potion            |       |     1 ||     1
 Stab: Sleeping          |    12 |     4 ||    16
       Distracted        |       |     2 ||     2
Armor: Robe              |    13 |     7 ||    20
Dodge: Dodged            |    59 |    25 ||    84

Table legend: (Time is in decaauts)
 A = Elapsed time spent in this place.
 B = Non-inter-level travel time spent in this place.
 C = Inter-level travel time spent in this place.
 D = Time resting spent in this place.
 E = Time spent auto-exploring this place.
 F = Levels seen in this place.
 G = Mean time per level.
                   A        B        C        D        E       F      G
               +--------+--------+--------+--------+--------+-----+--------+
         Total |   2687 |   2589 |     98 |      0 |   2235 |   3 |  895.7 |
       Dungeon |   2687 |   2589 |     98 |      0 |   2235 |   3 |  895.7 |
               +--------+--------+--------+--------+--------+-----+--------+

Top non-repeatable levels by time:
     D:1: 1357 daAuts
     D:2: 1001 daAuts
     D:3: 328 daAuts
